 Dungeon Crawl Stone Soup version 0.25.0-11-g1f837a76a1 (webtiles) character file.

Game seed: 2583998965620071612

51 Esekla the Grave Robber (level 3, 0/24 HPs)
             Began as an Octopode Necromancer on June 27, 2020.
             Slain by an orc priest
             ... wielding a +0 dagger
              (4 damage)
             ... on level 3 of the Dungeon.
             The game lasted 00:09:34 (1821 turns).

Esekla the Grave Robber (Octopode Necromancer)      Turns: 1821, Time: 00:09:35

Health: 0/24       AC:  1    Str:  8    XL:     3   Next: 81%
Magic:  0/6        EV: 13    Int: 17    God:
Gold:   96         SH:  0    Dex: 12    Spells: 3/7 levels left

rFire    . . .     SeeInvis .   i - +2 dagger (drain)
rCold    . . .     Gourm    .   (no shield)
rNeg     . . .     Faith    .   (helmet restricted)
rPois    .         Spirit   .   d - amulet of inaccuracy (curse)
rElec    .         Reflect  .   a - ring of stealth
rCorr    .         Harm     .   (no ring)
MR       .....                  (no ring)
Stlth    ++++......             (no ring)
HPRegen  0.08/turn              (no ring)
MPRegen  0.10/turn              (no ring)
                                (no ring)
                                (no ring)

@: very slightly contaminated
A: almost no armour, stealthy swim, amphibious, 8 rings, constrict 8, camouflage
1, gelatinous body 1
a: no special abilities


You were on level 3 of the Dungeon.
You were not hungry.

You visited 1 branch of the dungeon, and saw 3 of its levels.

You collected 96 gold pieces.

Inventory:

Hand Weapons
 i - a +2 dagger of draining (weapon)
 k - a +0 short sword
Missiles
 h - 3 boomerangs (quivered)
Jewellery
 a - a ring of stealth (left tentacle)
 d - a cursed amulet of inaccuracy (around mantle)
 e - an uncursed ring of ice
Wands
 j - a wand of disintegration (8)
Scrolls
 c - a scroll of immolation {unknown}
Potions
 f - 2 potions of curing {unknown}
 g - a potion of stabbing {unknown}
Comestibles
 b - a ration
 m - a chunk of flesh


   Skills:
 * Level 1.8 Fighting
 + Level 0.9 Short Blades
 + Level 0.1 Throwing
 + Level 2.2 Dodging
 + Level 3.1 Stealth
 * Level 2.5 Spellcasting
 + Level 4.0 Necromancy


You had 3 spell levels left.
You knew the following spells:

 Your Spells              Type           Power        Failure   Level  Hunger
a - Pain                  Necr           ###.         3%          1    #......
d - Vampiric Draining     Necr           ###.......   11%         3    ###....

Your spell library contained the following spells:

 Spells                   Type           Power        Failure   Level  Hunger
 Animate Skeleton         Necr           N/A          3%          1    #......
 Animate Dead             Necr           N/A          34%         4    #####..
 Agony                    Necr           ###.....     67%         5    ######.


Dungeon Overview and Level Annotations

Branches:
Dungeon (3/15)

Altars:


Innate Abilities, Weirdness & Mutations

You cannot wear most types of armour.
You are very stealthy in the water. (Stealth+)
You are amphibious.
You can wear up to eight rings at the same time.
You can use your tentacles to constrict eight enemies at once.
Your skin changes colour to match your surroundings (Stealth+).
Your rubbery body absorbs attacks. (AC +1, EV +1)


Message History

The orc priest hits you with a +0 dagger.
Casting: Vampiric Draining (quite dangerous; 11% risk of failure)
Confirm with . or Enter, or press ? or * to list all spells.
The spell is quite dangerous to cast (11% risk of failure)!
Continue anyway?
Aiming: Vampiric Draining (quite dangerous; 11% risk of failure)
Press: ? - help, Shift-Dir - straight line, f/p - orc priest
Aim: an orc priest, wielding a +0 dagger and wearing a +0 leather armour (almost dead)
You miscast Vampiric Draining.
You are very lightly contaminated with residual magic.
Nothing appears to happen.
The orc misses you. The orc hits you but does no damage.
The jackal closely misses you.
The orc priest hits you with a +0 dagger.
* * * LOW HITPOINT WARNING * * *
You completely miss the orc priest. You grab the orc priest.
The orc priest is almost dead.
You constrict the orc priest. The jackal barely misses you.
The orc barely misses you. The orc closely misses you.
An orc comes into view. It is wielding a +0 war axe.
The orc priest hits you with a +0 dagger.
You die...

.............o..#######
#.#...#.###.).......... #.#.....#
#.###†####### #.##..### #.# #.#
### ......# #.# #.# #.. #.###.#
#.# #.##### #.# #.# #.# #o#
#o#)..####.## #.# #.#####o#
#o#.[.......# #.#
#.......###o@o....##.[# #.#
####...o....h.....##..####### #.#
#.....###..................
#.####.......#.......###..#######
.....................# #..#
.####........#.......# #.†#
.####.......####...### #.<#
.......#...## #...######.#
....##.###. ###.........#######


You could see an orc priest, 4 orcs and a jackal.

Vanquished Creatures
  2 adders (D:3)
  A worm (D:3)
  2 dart slugs (D:1)
  A leopard gecko (D:1)
  3 orcs (D:3)
  3 bats (D:3)
  4 goblins
  A jackal (D:3)
  A quokka (D:3)
  A ball python (D:3)
  A frilled lizard (D:1)
  2 kobolds
  2 rats
24 creatures vanquished.

Notes
Turn   | Place    | Note
-------+----------+-------------------------------------------
     0 | D:1      | Esekla the Octopode Necromancer began the quest for the
                  | Orb.
     0 | D:1      | Reached XP level 1. HP: 11/11 MP: 3/3
   755 | D:1      | Reached skill level 1 in Fighting
   755 | D:1      | Reached XP level 2. HP: 9/18 MP: 3/5
  1562 | D:3      | Reached XP level 3. HP: 23/23 MP: 6/6
  1620 | D:3      | Learned a level 3 spell: Vampiric Draining
  1821 | D:3      | Slain by an orc priest

Illustrated notes

Levels and vault maps discovered:
D:1:      lightli_arrival_chessboard, layout_basic
D:2:      layout_loops_ring, nicolae_gozag_cash_rules_everything_around_me,
          minmay_misc_feat_rows
D:3:      layout_loops_ring, lemuel_round_altar,
          nicolae_qazlal_style_of_elements

Skill      XL: |  1  2 |
---------------+-------+-----
Fighting       | 1 |  1.8
Stealth        | 3 |  3.1
Short Blades   | |  0.9
Throwing       | |  0.1
Dodging        | |  2.2
Spellcasting   | |  2.5
Necromancy     | |  4.0

Action                   || total
-------------------------++-------
Melee: Dagger            ||    56
       Constrict         ||    11
       Tentacles         ||     5
Throw: Boomerang         ||     4
 Cast: Pain              ||     7
       Vampiric Draining ||     1
  Use: Scroll            ||     3
 Stab: Sleeping          ||     8
       Distracted        ||     1
  Eat: Chunk             ||     3
Armor: Skin              ||     4
Dodge: Dodged            ||    38
